TOP OF THE 1ST |
West Michigan Whitecaps batting - Pitching for Clinton LumberKings : LHP Manny Parra
|
Pitching: LHP Manny Parra
|
|
Batting: RHB Jose Graterol
|
0-0: Ball 1-0: Swinging Strike 1-1: Ball 2-1: Foul Ball, location: 3F 2-2: Strikes out swinging
|
Batting: RHB Justin Sellers
|
0-0: Called Strike 0-1: Swinging Strike 0-2: Ball 1-2: Fly out, F3 (Popup, 3F, EV 63.1 MPH)
|
Batting: RHB Alex Fonseca
|
0-0: Called Strike 0-1: Called Strike 0-2: Ball 1-2: Foul Ball, location: 3FF 1-2: Ball 2-2: Foul Ball, location: 2LF 2-2: Fly out, F7 (Flyball, 7D, EV 94.4 MPH)
|
Top of the 1st over - 0 runs, 0 hits, 0 errors, 0 left on base; West Michigan 0 - Clinton 0 |
BOTTOM OF THE 1ST |
Clinton LumberKings batting - Pitching for West Michigan Whitecaps : RHP Cesar Carrillo
|
Pitching: RHP Cesar Carrillo
|
|
Batting: RHB Rayner Laya
|
0-0: Called Strike 0-1: Called Strike 0-2: Strikes out swinging
|
Batting: SHB Ozzie Chavez
|
0-0: Swinging Strike 0-1: Foul Ball, location: 2F 0-2: Fly out, F8 (Flyball, 8LM, EV 91.3 MPH)
|
Batting: RHB Justin Upton
|
0-0: Called Strike 0-1: Called Strike 0-2: Foul Ball, location: 9LDF 0-2: Hit by Pitch
|
Batting: RHB B.J. Cashman
|
0-0: Called Strike 0-1: Ball 1-1: Reached on error, E6 (Groundball, 6, EV 85.6 MPH) Justin Upton to second
|
Batting: RHB Chris Hall
|
0-0: Ball 1-0: SINGLE (Line Drive, 34D, EV 104.4 MPH) Justin Upton to third B.J. Cashman to second Runner from 3rd tries for Home, SAFE, throw by RF to home
|
Batting: RHB John Wilson
|
0-0: Fly out, F7 (Line Drive, 78M, EV 100.6 MPH)
|
Bottom of the 1st over - 1 run, 1 hit, 1 error, 2 left on base; West Michigan 0 - Clinton 1 |
TOP OF THE 2ND |
West Michigan Whitecaps batting - Pitching for Clinton LumberKings : LHP Manny Parra
|
Batting: LHB Joe Holden
|
0-0: Foul Ball, location: 2F 0-1: Ball 1-1: Ball 2-1: Ball 3-1: Base on Balls
|
Batting: RHB Guido Southam
|
0-0: Called Strike 0-1: Ball 1-1: Fielders Choice at 2nd, 5-4 (Groundball, 5S, EV 101.9 MPH)
|
Batting: RHB Nathan Southard
|
0-0: Called Strike 0-1: Ball 1-1: Ball 2-1: Ball 3-1: Base on Balls Guido Southam to second
|
Batting: RHB Christopher Minaker
|
0-0: Grounds into double play, 4-6-3 (Groundball, 4M, EV 103.8 MPH)
|
Top of the 2nd over - 0 runs, 0 hits, 0 errors, 1 left on base; West Michigan 0 - Clinton 1 |
BOTTOM OF THE 2ND |
Clinton LumberKings batting - Pitching for West Michigan Whitecaps : RHP Cesar Carrillo
|
Batting: SHB Craig Thompson
|
0-0: Ball 1-0: Swinging Strike 1-1: Foul Ball, location: 3SF 1-2: Strikes out looking
|
Batting: RHB Yoelmis Cabrera
|
0-0: Called Strike 0-1: Ball 1-1: Swinging Strike 1-2: Foul Ball, location: 23F 1-2: Ball 2-2: Ball 3-2: Fly out, F4 (Popup, 34, EV 64.4 MPH)
|
Batting: LHB Jim Unknown
|
0-0: Called Strike 0-1: Ball 1-1: Ground out 6-3 (Groundball, 6, EV 104.4 MPH)
|
Bottom of the 2nd over - 0 runs, 0 hits, 0 errors, 0 left on base; West Michigan 0 - Clinton 1 |
TOP OF THE 3RD |
West Michigan Whitecaps batting - Pitching for Clinton LumberKings : LHP Manny Parra
|
Batting: LHB Mark Haske
|
0-0: Called Strike 0-1: Called Strike 0-2: Ball 1-2: Ball 2-2: Ball 3-2: Foul Ball, location: 2F 3-2: Ground out 5-3 (Groundball, 56S, EV 83.8 MPH)
|
Batting: RHB Joel Galarza
|
0-0: SOLO HOME RUN (Flyball, 7D, EV 100.0 MPH), Distance : 388 ft
|
Batting: RHB Jose Graterol
|
0-0: Foul Ball, location: 2F 0-1: Ground out 6-3 (Groundball, 6, EV 105.6 MPH)
|
Batting: RHB Justin Sellers
|
0-0: Foul Ball, location: 2F 0-1: Ball 1-1: Ball 2-1: Ball 3-1: Base on Balls
|
Batting: RHB Alex Fonseca
|
0-0: Foul Ball, location: 2F 0-1: Ball 1-1: Ball 2-1: Ball 3-1: Base on Balls Justin Sellers to second
|
Pitching: RHP Swan Austin
|
|
Batting: LHB Joe Holden
|
0-0: Ball 1-0: SINGLE (Flyball, 3D, EV 91.9 MPH) Justin Sellers to third Alex Fonseca to second Runner from 3rd tries for Home, SAFE, throw by RF to home
|
Batting: RHB Guido Southam
|
0-0: Ball 1-0: SINGLE (Line Drive, 7S, EV 101.9 MPH) Alex Fonseca to third Joe Holden to second Runner from 3rd tries for Home, SAFE, throw by LF to home
|
Batting: RHB Nathan Southard
|
0-0: Ball 1-0: Called Strike 1-1: Foul Ball, location: 9LDF 1-2: Strikes out swinging
|
Top of the 3rd over - 3 runs, 3 hits, 0 errors, 2 left on base; West Michigan 3 - Clinton 1 |
BOTTOM OF THE 3RD |
Clinton LumberKings batting - Pitching for West Michigan Whitecaps : RHP Cesar Carrillo
|
Batting: RHB Rayner Laya
|
0-0: Called Strike 0-1: Ball 1-1: Swinging Strike 1-2: SINGLE (Line Drive, 34D, EV 101.3 MPH)
|
Batting: SHB Ozzie Chavez
|
0-0: Swinging Strike 0-1: Ball 1-1: Swinging Strike 1-2: Grounds into double play, 3-6-1 (Groundball, 3, EV 85.0 MPH)
|
Batting: RHB Justin Upton
|
0-0: Foul Ball, location: 5FF 0-1: Ball 1-1: Ball 2-1: Ball 3-1: Foul Ball, location: 25F 3-2: Foul Ball, location: 9LDF 3-2: Foul Ball, location: 9LMF 3-2: Base on Balls
|
Batting: RHB B.J. Cashman
|
0-0: Called Strike 0-1: Ball Wild Pitch! Justin Upton to second 1-1: Swinging Strike 1-2: Ball 2-2: Ball 3-2: Strikes out swinging
|
Bottom of the 3rd over - 0 runs, 1 hit, 0 errors, 1 left on base; West Michigan 3 - Clinton 1 |
TOP OF THE 4TH |
West Michigan Whitecaps batting - Pitching for Clinton LumberKings : RHP Swan Austin
|
Batting: RHB Christopher Minaker
|
0-0: Swinging Strike 0-1: Ball 1-1: SINGLE (Line Drive, 89S, EV 93.8 MPH)
|
Batting: LHB Mark Haske
|
0-0: Called Strike 0-1: Foul Ball, location: 2F 0-2: Fly out, F2 (Popup, 23F, EV 85.6 MPH)
|
Batting: RHB Joel Galarza
|
0-0: Ball 1-0: Called Strike 1-1: Fielders Choice at 2nd, 4-6 (Groundball, 4M, EV 85.6 MPH)
|
Pitching: RHP Jim Unknown
|
|
Batting: RHB Jose Graterol
|
0-0: Ball 1-0: Ball 2-0: Fly out, F9 (Flyball, 89S, EV 94.4 MPH)
|
Top of the 4th over - 0 runs, 1 hit, 0 errors, 1 left on base; West Michigan 3 - Clinton 1 |
BOTTOM OF THE 4TH |
Clinton LumberKings batting - Pitching for West Michigan Whitecaps : RHP Cesar Carrillo
|
Batting: RHB Chris Hall
|
0-0: SOLO HOME RUN (Flyball, 7LD, EV 95.6 MPH), Distance : 350 ft
|
Batting: RHB John Wilson
|
0-0: Swinging Strike 0-1: Swinging Strike 0-2: Ball 1-2: Strikes out swinging
|
Batting: SHB Craig Thompson
|
0-0: Ball 1-0: Called Strike 1-1: Ball 2-1: Ball 3-1: Base on Balls
|
Batting: RHB Yoelmis Cabrera
|
0-0: Ball 1-0: Ball 2-0: Fly out, F8 (Flyball, 8LS, EV 88.8 MPH)
|
Batting: LHB Jim Unknown
|
0-0: Ball Passed Ball! Craig Thompson to second 1-0: Called Strike 1-1: SINGLE (Groundball, P, EV 84.4 MPH) (infield hit) Craig Thompson to third
|
Batting: RHB Rayner Laya
|
0-0: Called Strike 0-1: Foul Ball, location: 25F 0-2: SINGLE (Groundball, 4MD, EV 95.6 MPH) Craig Thompson scores Jim Unknown to second Runner from 2nd tries for 3rd, SAFE, throw by CF made to third
|
Batting: SHB Ozzie Chavez
|
0-0: Ground out 4-3 (Groundball, 34, EV 88.1 MPH)
|
Bottom of the 4th over - 2 runs, 3 hits, 0 errors, 2 left on base; West Michigan 3 - Clinton 3 |
TOP OF THE 5TH |
West Michigan Whitecaps batting - Pitching for Clinton LumberKings : RHP Jim Unknown
|
Batting: RHB Justin Sellers
|
0-0: Swinging Strike 0-1: Foul Ball, location: 7LSF 0-2: Ground out 4-3 (Groundball, 4M, EV 103.1 MPH)
|
Batting: RHB Alex Fonseca
|
0-0: Ball 1-0: SOLO HOME RUN (Flyball, 9LD, EV 93.8 MPH), Distance : 339 ft
|
Batting: LHB Joe Holden
|
0-0: Ball 1-0: Foul Ball, location: 2F 1-1: Ball 2-1: TRIPLE (Flyball, 78XD, EV 97.5 MPH)
|
Batting: RHB Guido Southam
|
0-0: SINGLE (Line Drive, 6MD, EV 95.0 MPH) Joe Holden scores
|
Batting: RHB Nathan Southard
|
0-0: Swinging Strike 0-1: Swinging Strike 0-2: Ball 1-2: Ball 2-2: Ball 3-2: Foul Ball, location: 5SF 3-2: Strikes out looking
|
Batting: RHB Christopher Minaker
|
0-0: Ball 1-0: Fly out, F6 (Popup, 6MD, EV 53.8 MPH)
|
Top of the 5th over - 2 runs, 3 hits, 0 errors, 1 left on base; West Michigan 5 - Clinton 3 |
BOTTOM OF THE 5TH |
Clinton LumberKings batting - Pitching for West Michigan Whitecaps : RHP Cesar Carrillo
|
Batting: RHB Justin Upton
|
0-0: Swinging Strike 0-1: Ball 1-1: Ball 2-1: SINGLE (Line Drive, 8LS, EV 91.9 MPH)
|
Batting: RHB B.J. Cashman
|
0-0: Ball 1-0: Foul Ball, location: 2F 1-1: Ball 2-1: Foul Ball, location: 3DF 2-2: Fly out, F6 (Popup, 6M, EV 51.9 MPH)
|
Batting: RHB Chris Hall
|
0-0: Fly out, F9 (Line Drive, 9, EV 88.1 MPH)
|
Batting: RHB John Wilson
|
0-0: Ball 1-0: Ground out 5-3 (Groundball, 56, EV 103.1 MPH)
|
Bottom of the 5th over - 0 runs, 1 hit, 0 errors, 1 left on base; West Michigan 5 - Clinton 3 |
TOP OF THE 6TH |
West Michigan Whitecaps batting - Pitching for Clinton LumberKings : RHP Jim Unknown
|
Batting: LHB Mark Haske
|
0-0: Ball 1-0: Called Strike 1-1: Ball 2-1: Fly out, F9 (Flyball, 9D, EV 103.8 MPH)
|
Batting: RHB Joel Galarza
|
0-0: Called Strike 0-1: Ball 1-1: Ball 2-1: Swinging Strike 2-2: Ball 3-2: Strikes out swinging
|
Batting: RHB Jose Graterol
|
0-0: Called Strike 0-1: Ball 1-1: Called Strike 1-2: Ball 2-2: Foul Ball, location: 23F 2-2: Strikes out swinging
|
Top of the 6th over - 0 runs, 0 hits, 0 errors, 0 left on base; West Michigan 5 - Clinton 3 |
BOTTOM OF THE 6TH |
Clinton LumberKings batting - Pitching for West Michigan Whitecaps : RHP Cesar Carrillo
|
Batting: SHB Craig Thompson
|
0-0: Ball 1-0: Ball 2-0: Ground out U3 (Groundball, 3, EV 90.0 MPH)
|
Batting: RHB Yoelmis Cabrera
|
0-0: Ball 1-0: Ball 2-0: Called Strike 2-1: Ground out 4-3 (Groundball, 4M, EV 88.8 MPH)
|
Batting: LHB Jim Unknown
|
0-0: Ball 1-0: Ball 2-0: Called Strike 2-1: Ball 3-1: Base on Balls
|
Pitching: LHP Scott Kelly
|
|
Batting: RHB Rayner Laya
|
0-0: Ball 1-0: Ball 2-0: Foul Ball, location: 2F 2-1: Ground out 5-3 (Groundball, 56S, EV 92.5 MPH)
|
Bottom of the 6th over - 0 runs, 0 hits, 0 errors, 1 left on base; West Michigan 5 - Clinton 3 |
TOP OF THE 7TH |
West Michigan Whitecaps batting - Pitching for Clinton LumberKings : RHP Jim Unknown
|
Pitching: RHP Jim Unknown
|
|
Batting: RHB Justin Sellers
|
0-0: Ball 1-0: Called Strike 1-1: Swinging Strike 1-2: Strikes out swinging, 2-3 out at first.
|
Batting: RHB Alex Fonseca
|
0-0: Foul Ball, location: 3SF 0-1: Foul Ball, location: 5FF 0-2: Ball 1-2: Foul Ball, location: 2F 1-2: Ball 2-2: Ground out 4-3 (Groundball, 4, EV 108.1 MPH)
|
Batting: LHB Joe Holden
|
0-0: Ball 1-0: Ball 2-0: Ball 3-0: Called Strike 3-1: Called Strike 3-2: Foul Ball, location: 2F 3-2: Base on Balls
|
Batting: RHB Guido Southam
|
0-0: Ball 1-0: Ball 2-0: Ball 3-0: Base on Balls Joe Holden to second
|
Batting: RHB Nathan Southard
|
0-0: Called Strike 0-1: Ball 1-1: Ball 2-1: Ball 3-1: Foul Ball, location: 3F 3-2: Fielders Choice at 3rd, U5 (Groundball, 5L, EV 83.8 MPH)
|
Top of the 7th over - 0 runs, 0 hits, 0 errors, 1 left on base; West Michigan 5 - Clinton 3 |
BOTTOM OF THE 7TH |
Clinton LumberKings batting - Pitching for West Michigan Whitecaps : LHP Scott Kelly
|
Pitching: LHP Alex Hinshaw
|
|
Batting: SHB Ozzie Chavez
|
0-0: Ball 1-0: Swinging Strike 1-1: Foul Ball, location: 3F 1-2: Strikes out looking
|
Batting: RHB Justin Upton
|
0-0: Foul Ball, location: 2F 0-1: Ball 1-1: Called Strike 1-2: Foul Ball, location: 9LMF 1-2: Ball 2-2: Strikes out swinging
|
Batting: RHB B.J. Cashman
|
0-0: Ball 1-0: Called Strike 1-1: Called Strike 1-2: Ball 2-2: Strikes out swinging
|
Bottom of the 7th over - 0 runs, 0 hits, 0 errors, 0 left on base; West Michigan 5 - Clinton 3 |
TOP OF THE 8TH |
West Michigan Whitecaps batting - Pitching for Clinton LumberKings : RHP Jim Unknown
|
Pitching: LHP Alfredo Armenta
|
|
Batting: RHB Christopher Minaker
|
0-0: SINGLE (Groundball, 56D, EV 90.0 MPH) (infield hit)
|
Batting: LHB Mark Haske
|
0-0: Ball 1-0: Ball 2-0: Foul Ball, location: 3DF 2-1: Called Strike 2-2: Ball 3-2: SINGLE (Groundball, 56, EV 104.4 MPH) (infield hit) Christopher Minaker to second
|
Batting: RHB Joel Galarza
|
0-0: Ball 1-0: Ball 2-0: Called Strike 2-1: Foul Ball, location: 23F 2-2: Strikes out swinging
|
Batting: RHB Jose Graterol
|
0-0: Foul Ball, location: 5F 0-1: Swinging Strike 0-2: Foul Ball, location: 9LDF 0-2: Ball 1-2: Ball 2-2: Foul Ball, location: 5F 2-2: Ball 3-2: Foul Ball, location: 9LSF 3-2: Grounds into double play, 6-4-3 (Groundball, 6D, EV 98.1 MPH)
|
Top of the 8th over - 0 runs, 2 hits, 0 errors, 1 left on base; West Michigan 5 - Clinton 3 |
BOTTOM OF THE 8TH |
Clinton LumberKings batting - Pitching for West Michigan Whitecaps : LHP Alex Hinshaw
|
Pitching: RHP Felipe Paulino
|
|
Pinch Hitting: RHB Jim Unknown
|
0-0: Ball 1-0: Ball 2-0: Ball 3-0: Base on Balls
|
Batting: RHB John Wilson
|
0-0: Called Strike 0-1: Ground out 5-3 (Groundball, 56S, EV 66.3 MPH) Jim Unknown to second
|
Batting: SHB Craig Thompson
|
0-0: Ball 1-0: Swinging Strike 1-1: Swinging Strike 1-2: Ball 2-2: Ball 3-2: Base on Balls
|
Pinch Hitting: SHB Jim Unknown
|
0-0: 3-RUN HOME RUN (Flyball, 9D, EV 97.5 MPH), Distance : 376 ft
|
Pitching: LHP Andrew Dobies
|
|
Batting: LHB Jim Unknown
|
0-0: Ball 1-0: Foul Ball, location: 2F 1-1: Fly out, F8 (Line Drive, 8LM, EV 90.6 MPH)
|
Pitching: RHP Edwin Hernandez
|
|
Batting: RHB Rayner Laya
|
0-0: Ground out 6-3 (Groundball, 6, EV 101.3 MPH)
|
Bottom of the 8th over - 3 runs, 1 hit, 0 errors, 0 left on base; West Michigan 5 - Clinton 6 |
TOP OF THE 9TH |
West Michigan Whitecaps batting - Pitching for Clinton LumberKings : LHP Alfredo Armenta
|
Pitching: RHP Jim Unknown
|
|
Now at 3B: Jim Unknown
|
|
Now in LF: Jim Unknown
|
|
Now in RF: Jim Unknown
|
|
Batting: RHB Justin Sellers
|
0-0: SINGLE (Line Drive, 78S, EV 95.0 MPH)
|
Batting: RHB Alex Fonseca
|
0-0: Ball 1-0: Ball Wild Pitch! Justin Sellers to second 2-0: Ball 3-0: Base on Balls
|
Batting: LHB Joe Holden
|
0-0: Foul Ball, location: 7LMF 0-1: SINGLE (Line Drive, 3D, EV 94.4 MPH) Justin Sellers to third Alex Fonseca to second Runner from 3rd tries for Home, SAFE, throw by RF to home
|
Batting: RHB Guido Southam
|
0-0: Ball 1-0: Swinging Strike 1-1: SINGLE (Line Drive, 8LS, EV 103.1 MPH) Alex Fonseca to third Joe Holden to second Runner from 3rd tries for Home, SAFE, throw by CF to home
|
Pinch Hitting: RHB Nick Evans
|
0-0: SINGLE (Line Drive, 6MD, EV 96.9 MPH) Joe Holden to third Guido Southam to second Runner from 3rd tries for Home, SAFE, throw by CF to home
|
Batting: RHB Christopher Minaker
|
0-0: Ball 1-0: Ball 2-0: Fielders Choice at 2nd, 6-4 (Groundball, 56, EV 77.5 MPH) Guido Southam to third
|
Batting: LHB Mark Haske
|
0-0: Ball 1-0: Ball 2-0: Called Strike 2-1: Ball 3-1: Called Strike 3-2: Foul Ball, location: 9LSF 3-2: Strikes out swinging
|
Batting: RHB Joel Galarza
|
0-0: Fly out, F5 (Line Drive, 5L, EV 70.0 MPH)
|
Top of the 9th over - 3 runs, 4 hits, 0 errors, 2 left on base; West Michigan 8 - Clinton 6 |
BOTTOM OF THE 9TH |
Clinton LumberKings batting - Pitching for West Michigan Whitecaps : RHP Edwin Hernandez
|
Pitching: LHP Rivelino Catanei
|
|
Now in LF: Arturo Rivas
|
|
Now in RF: Jerad Head
|
|
Batting: SHB Ozzie Chavez
|
0-0: Ball 1-0: Ball 2-0: Foul Ball, location: 5FF 2-1: Foul Ball, location: 2F 2-2: Foul Ball, location: 25F 2-2: Foul Ball, location: 9LSF 2-2: Strikes out swinging
|
Batting: RHB Justin Upton
|
0-0: Ball 1-0: Ball 2-0: SINGLE (Groundball, 6D, EV 105.6 MPH)
|
Batting: RHB B.J. Cashman
|
0-0: Ball 1-0: Foul Ball, location: 9LSF 1-1: Foul Ball, location: 9LDF 1-2: Strikes out swinging
|
Batting: SHB Jim Unknown
|
0-0: Foul Ball, location: 3F 0-1: Called Strike 0-2: Ground out 1-3 (Groundball, 34S, EV 70.6 MPH)
|
Bottom of the 9th over - 0 runs, 1 hit, 0 errors, 1 left on base; West Michigan 8 - Clinton 6 |
|